 Dungeon Crawl Stone Soup version 0.27-a0-1532-gca18f49f40 (webtiles) character file.

Game seed: 1004647399562483687

95089 nyamberluvr69 the Spry (level 16, -2/180 HPs)
             Began as an Octopode Berserker on July 12, 2021.
             Was a High Priest of Trog.
             Slain by an orc warrior (12 damage)
             ... led by an orc knight
             ... while paralysed by an orc sorcerer
             ... on level 14 of the Dungeon.
             The game lasted 01:11:01 (33941 turns).

nyamberluvr69 the Spry (Octopode Berserker)        Turns: 33941, Time: 01:11:02

Health: -2/180     AC:  4    Str: 22    XL:     16   Next: 13%
Magic:  16/16      EV:  2    Int: 15    God:    Trog [*****.]
Gold:   1133       SH:  0    Dex: 24    Spells: 15/15 levels left

rFire    + + .     SeeInvis +   Y - +5 great sword (flame)
rCold    . . .     Faith    .   (shield currently unavailable)
rNeg     . . .     Spirit   .   Q - -1 hat of Yfuxid {rF+ Str-3 Dex+8 Stlth+}
rPois    +         Reflect  .   N - amulet of Baoler {Acrobat Str+6}
rElec    .         Harm     .   d - +4 ring of evasion
rCorr    +         Rampage  .   e - ring of protection from fire
Will     +....                  o - ring of see invisible
Stlth    ..........             s - +4 ring of evasion
HPRegen  0.40/turn              D - ring of poison resistance
MPRegen  0.15/turn              B - +6 ring of intelligence
                                W - ring of resist corrosion
                                S - +4 ring of protection

@: paralysed, berserking
A: almost no armour, amphibious, 8 rings, camouflage 1, gelatinous body 1,
(nimble swimmer 1), tentacles
a: Renounce Religion, Berserk, Trog's Hand, Brothers in Arms


You were on level 14 of the Dungeon.
You worshipped Trog.
Trog was extremely pleased with you.
You visited 3 branches of the dungeon, and saw 22 of its levels.

You collected 1934 gold pieces.
You spent 801 gold pieces at shops.

Inventory:

Hand Weapons
 a - a +4 triple sword of flaming
 t - a +1 scimitar of holy wrath
 z - a +4 antimagic great sword
 Y - a +5 great sword of flaming (weapon)
Missiles
 m - 5 atropa-tipped darts (quivered)
 H - 6 curare-tipped darts
Armour
 A - a +0 buckler
 Q - the -1 hat of Yfuxid (worn) {rF+ Str-3 Dex+8 Stlth+}
   (You found it on level 11 of the Dungeon)

   Str:       It affects your strength (-3).
   Dex:       It affects your dexterity (+8).
   rF:        It protects you from fire.
   Stlth:     It makes you more stealthy.
 R - a +2 hat of stealth
Jewellery
 d - a +4 ring of evasion (left tentacle)
 e - a ring of protection from fire (right tentacle)
 o - a ring of see invisible (on tentacle)
 s - a +4 ring of evasion (on tentacle)
 B - a +6 ring of intelligence (on tentacle)
 D - a ring of poison resistance (on tentacle)
 N - the amulet of Baoler (around mantle) {Acrobat Str+6}
   (You bought it in a shop on level 2 of the Orcish Mines)

   [amulet of the acrobat]

   It increases your evasion while moving and waiting.
   Str:       It affects your strength (+6).
 S - a +4 ring of protection (on tentacle)
 W - a ring of resist corrosion (on tentacle)
Wands
 n - a wand of mindburst (33)
 v - a wand of flame (85)
 C - a wand of paralysis (51)
 F - a wand of polymorph (7)
 G - a wand of iceblast (25)
 P - a wand of digging (8)
 T - a wand of charming (35)
 V - a wand of acid (17)
Scrolls
 c - 4 scrolls of teleportation
 g - 4 scrolls of silence
 k - 3 scrolls of blinking
 l - a scroll of vulnerability
 r - 4 scrolls of fog
 w - 4 scrolls of magic mapping {unknown}
 y - 3 scrolls of immolation
 E - a scroll of enchant weapon
 K - 2 scrolls of enchant armour
 X - a scroll of fear
Potions
 b - 4 potions of lignification
 f - 4 potions of flight {unknown}
 h - 9 potions of ambrosia
 i - 3 potions of berserk rage
 j - 3 potions of haste {unknown}
 p - 5 potions of curing
 q - 3 potions of mutation
 u - 7 potions of heal wounds
 x - a potion of invisibility {unknown}
 I - 2 potions of brilliance {unknown}
 J - 3 potions of attraction {unknown}
 L - 3 potions of degeneration {unknown}
 M - 4 potions of might {unknown}
 O - a potion of cancellation {unknown}


   Skills:
 + Level 14.5 Fighting
 + Level 14.5 Long Blades
 - Level 15.0 Dodging
 - Level 15.0 Stealth
 - Level 4.0 Shields
 - Level 4.3 Evocations


You had 15 spell levels left.
You didn't know any spells.
Your spell library was empty.

Dungeon Overview and Level Annotations

Branches:
Dungeon (14/15)            Temple (0/1) D:4            Lair (6/6) D:9
 Shoals (0/4) Lair:3        Snake (0/4) Lair:2        Slime (0/5) Lair:6
    Orc (2/2) D:10            Elf (0/3) Orc:2        Vaults (0/5) D:14

Altars:
Dithmenos
Elyvilon
Gozag
Hepliaklqana
Kikubaaqudgha
Makhleb
Okawaru
Qazlal
Ru
Trog
Uskayaw
Vehumet
The Shining One
Beogh
Jiyva

Shops:
D:7 (**   D:8 *   D:13 [   Orc:1 !   Orc:2 ![=[!

Portals:
Trove: D:10 (give 2 scrolls of acquirement)

Annotations:
Lair:2 exclusion: oklob plant
Lair:4 exclusion: oklob plant


Innate Abilities, Weirdness & Mutations

You cannot wear most types of armour.
You are amphibious.
You can wear up to eight rings at the same time.
Your skin changes colour to match your surroundings (Stealth+).
Your rubbery body absorbs attacks. (AC +1, EV +1)
((You are camouflaged near water. (Stealth+)))
You have tentacles for arms and can constrict up to eight enemies at once.


Message History

An orc comes into view.
It is wielding the +4 hand axe "Ziomuumo" {vorpal, Dex+3}.
An orc warrior comes into view. It is wielding a +0 hand axe.
A red film seems to cover your vision as you go berserk!
You feel yourself moving faster!
You feel mighty!
The orc knight shouts!
The orc sorcerer shouts!
The orc warrior shouts!
The orc knight hits you with a +0 war axe.
You slash the orc knight! You burn the orc knight.
Your grab misses the orc knight.
The orc knight is lightly wounded.
The orc knight roars a battlecry!
The orcs go into a battle-frenzy!
The orc sorcerer hits you with a +0 dagger!
You slice the orc knight!! You burn the orc knight!
Your grab misses the orc knight. Your squeeze misses the orc knight.
The orc knight is severely wounded.
The orc knight misses you. The orc sorcerer casts a spell at you.
You suddenly lose the ability to move!
The orc hits you with the +4 hand axe "Ziomuumo" {vorpal, Dex+3}!
The orc knight hits you with a +0 war axe!
The orc sorcerer hits you with a +0 dagger!
The orc knight hits you but does no damage.
The orc sorcerer gestures at you while chanting.
You shrug off the repeated paralysis!
The orc hits you with the +4 hand axe "Ziomuumo" {vorpal, Dex+3}.
The orc knight hits you with a +0 war axe!
The orc sorcerer hits you with a +0 dagger!
The orc warrior hits you with a +0 hand axe!
The orc hits you with the +4 hand axe "Ziomuumo" {vorpal, Dex+3}!
The orc knight hits you with a +0 war axe!!
The orc sorcerer hits you with a +0 dagger.
The orc warrior hits you with a +0 hand axe!!
* * * LOW HITPOINT WARNING * * *
The orc completely misses you.
The orc knight hits you with a +0 war axe!!
* * * LOW HITPOINT WARNING * * *
The orc sorcerer hits you with a +0 dagger.
* * * LOW HITPOINT WARNING * * *
The orc warrior hits you with a +0 hand axe!
You die...

......................#....#...#.
##....................#....#...#.
.#.......####.).......#....#####.
.#.......#..##'####...#..........
.#.......#........#...#..........
.'.......#........#<..#..........
##.......#........#...#..........
.........#....[...#...#..........
.........#......@o#...#..........
.........#..>..ooo#...########.?.
#######..#........#..........####
#..#........#..............
#..########'#..............
#..............######.....?
#######..............#....#......
.....................#....#......
.....................#....#......


You could see an orc knight, an orc sorcerer (strong), an orc warrior (strong)
and an orc (strong).

Vanquished Creatures
  Gastronok (Lair:2)
  An ettin (Orc:2)
  Harold (D:10)
  A vault guard (D:14)
  9 hydras
  Josephine (Orc:2)
  Erolcha (Orc:2)
  3 boulder beetles
  3 ogre magi
  5 catoblepae
  Erica (Lair:2)
  5 centaur warriors
  4 two-headed ogres
  6 death yaks (Lair:6)
  Urug (Orc:2)
  Sonja (D:10)
  Nergalle (Lair:4)
  3 skeletal warriors (D:14)
  A fire crab (shapeshifter) (D:13)
  2 lindwurms
  10 ugly things
  3 orc knights
  12 orc sorcerers
  A deep elf zephyrmancer (D:11)
  4 deep elf pyromancers
  5 cyclopes (D:11)
  4 manticores
  3 elephants (Lair:3)
  A merfolk siren (Lair:3)
  6 black mambas
  Maggie (D:6)
  10 cane toads
  3 rime drakes
  10 komodo dragons
  A freezing wraith (D:11)
  An efreet (D:14)
  A queen bee (shapeshifter) (D:13)
  A troll (shapeshifter) (D:11)
  A queen bee (Lair:2)
  8 trolls
  A hornet (shapeshifter) (D:13)
  21 blink frogs
  2 polar bears
  Grinder (D:6)
  A hornet (D:9)
  4 slime creatures
  6 dream sheep
  2 shadows
  6 wraiths
  10 wyverns
  54 yaks
  A fire elemental (Lair:6)
  A water elemental (D:11)
  5 basilisks
  10 vampire mosquitoes
  A steam dragon (D:8)
  5 wargs
  An acid dragon (D:11)
  Duvessa (D:6)
  17 water moccasins
  13 orc warriors
  An ice beast (D:6)
  A swamp drake (D:11)
  2 black bears (D:6)
  2 sky beasts
  2 necrophages
  17 centaurs
  7 ogres
  23 wolves
  A phantom (D:5)
  Blork the orc (D:6)
  2 kobold brigands (D:9)
  15 bullfrogs
  2 scorpions
  Dowan (D:6)
  A gnoll sergeant (D:7)
  A water moccasin skeleton (D:5)
  33 killer bees
  4 wights (D:9)
  4 electric eels
  A crimson imp (D:11)
  6 centaur zombies
  2 jellies
  2 hounds
  8 orc priests
  A bullfrog skeleton (D:6)
  A centaur skeleton (D:6)
  2 iguanas (D:6)
  An iron imp (D:11)
  40 orc wizards
  2 human simulacra (D:12)
  3 howler monkey zombies
  4 gnolls (D:7)
  2 adders
  A shadow imp (D:11)
  A white imp (D:11)
  2 ufetubi
  A dart slug (D:1)
  82 orcs
  8 bats
  8 endoplasms
  2 giant cockroaches
  A goblin (D:1)
  8 hobgoblins
  11 jackals
  11 kobolds
  3 quokkas
  3 training dummies (D:7)
  7 ball pythons
  5 frilled lizards
  9 rats
658 creatures vanquished.

Vanquished Creatures (others)
  A wizard (D:4)
  A centaur (D:9)
  An orc (Orc:2)
  A bush (Lair:5)
  21 fungi
  66 plants
91 creatures vanquished.

Grand Total: 749 creatures vanquished

Notes
Turn   | Place    | Note
-------+----------+-------------------------------------------
     0 | D:1      | nyamberluvr69 the Octopode Berserker began the quest for
                  | the Orb.
     0 | D:1      | Reached XP level 1. HP: 16/16 MP: 1/1
    30 | D:1      | Reached XP level 2. HP: 21/21 MP: 2/2
   232 | D:1      | Reached XP level 3. HP: 26/26 MP: 3/3
   368 | D:1      | Found a faded altar of an unknown god.
   550 | D:1      | Reached ** piety under Trog
  1652 | D:3      | Reached XP level 4. HP: 23/31 MP: 4/4
  1845 | D:3      | Found an opulent altar of Gozag.
  1853 | D:3      | Reached skill level 5 in Dodging
  1853 | D:3      | Reached XP level 5. HP: 36/36 MP: 5/5
  2434 | D:3      | Reached *** piety under Trog
  2569 | D:4      | Noticed a necrophage
  2580 | D:4      | Killed a necrophage
  2581 | D:4      | Reached XP level 6. HP: 42/42 MP: 6/6
  2630 | D:4      | Found a bloodstained altar of Trog.
  2631 | D:4      | Noticed a wizard
  2637 | D:4      | Killed a wizard
  2986 | D:4      | Found a staircase to the Ecumenical Temple.
  3025 | D:4      | Found a shadowy altar of Dithmenos.
  3637 | D:5      | Entered Level 5 of the Dungeon
  3730 | D:5      | Reached XP level 7. HP: 23/46 MP: 7/7
  3996 | D:5      | Found a hazy altar of Hepliaklqana.
  4477 | D:6      | Noticed Maggie
  4484 | D:6      | Noticed Blork the orc
  4491 | D:6      | Killed Maggie
  4492 | D:6      | Reached XP level 8. HP: 50/52 MP: 8/8
  4495 | D:6      | Killed Blork the orc
  4700 | D:6      | Found a stormy altar of Qazlal.
  4730 | D:6      | Reached skill level 10 in Dodging
  4870 | D:6      | Noticed a boulder beetle
  4895 | D:6      | Noticed Duvessa
  4897 | D:6      | Noticed Dowan
  4901 | D:6      | Killed Duvessa
  4905 | D:6      | Killed Dowan
  5078 | D:6      | Noticed Grinder
  5088 | D:6      | Killed Grinder
  5225 | D:6      | Reached XP level 9. HP: 57/57 MP: 9/9
  5402 | D:6      | Killed a boulder beetle
  5723 | D:6      | Found a glowing golden altar of the Shining One.
  5723 | D:6      | Found a faded altar of an unknown god.
  5730 | D:6      | Found a hide-covered altar of Uskayaw.
  5732 | D:6      | Found a faded altar of an unknown god.
  5734 | D:6      | Found a sacrificial altar of Ru.
  6047 | D:7      | Reached skill level 1 in Shields
  6206 | D:7      | Found Ynuibrocib's Specific Store.
  6208 | D:7      | Found Fejonair's General Store.
  6212 | D:7      | Bought a potion of heal wounds for 75 gold pieces
  6262 | D:7      | Found Kupu's Firing Range.
  6610 | D:7      | Found a white marble altar of Elyvilon.
  6663 | D:8      | Reached XP level 10. HP: 63/63 MP: 10/10
  6668 | D:8      | Noticed a manticore
  6675 | D:7      | Reached **** piety under Trog
  7585 | D:8      | Found Goliunyipp's General Store.
  7594 | D:8      | Bought a scroll of teleportation for 30 gold pieces
  7807 | D:8      | Killed a manticore
  8205 | D:9      | Found a burning altar of Makhleb.
  9082 | D:9      | Reached skill level 15 in Dodging
  9082 | D:9      | Reached skill level 1 in Stealth
  9276 | D:9      | Reached XP level 11. HP: 65/67 MP: 11/11
  9512 | D:9      | Noticed a two-headed ogre
  9546 | D:9      | Killed a two-headed ogre
  9547 | D:9      | Reached skill level 5 in Stealth
 10008 | D:9      | Found a staircase to the Lair.
 10328 | D:10     | Entered Level 10 of the Dungeon
 10364 | D:10     | Found a portal to a secret trove of treasure.
 10539 | D:10     | Noticed a two-headed ogre
 10578 | D:10     | Found a staircase to the Orcish Mines.
 10588 | D:10     | Noticed Harold
 10712 | D:9      | Identified the +2 scale mail "Zozuruf" {*Slow rF- rN+++
                  | Will++}
 10763 | D:10     | Killed Harold
 11087 | D:10     | Killed a two-headed ogre
 11088 | D:10     | Reached skill level 10 in Stealth
 11183 | D:10     | Reached ***** piety under Trog
 11363 | D:10     | Noticed Sonja
 11368 | D:10     | Killed Sonja
 11615 | D:10     | Found an iron altar of Okawaru.
 11724 | Orc:1    | Entered Level 1 of the Orcish Mines
 11868 | Orc:2    | Entered Level 2 of the Orcish Mines
 11868 | Orc:2    | Found Illasa Haor's Distillery.
 11932 | Orc:2    | Found a staircase to the Elven Halls.
 11952 | Orc:1    | Noticed an orc knight
 12185 | Orc:2    | Noticed an orc knight
 12201 | Orc:2    | Noticed an orc sorcerer
 12521 | Orc:2    | Killed an orc knight
 12608 | Orc:2    | Paralysed by an orc sorcerer for 4 turns
 12612 | Orc:2    | Killed an orc sorcerer
 12990 | Orc:2    | Reached XP level 12. HP: 54/72 MP: 12/12
 13249 | Orc:2    | Noticed Erolcha
 13261 | Orc:2    | Killed Erolcha
 13362 | Orc:2    | Noticed Josephine
 13653 | Orc:2    | Killed Josephine
 13656 | Orc:2    | Reached skill level 15 in Stealth
 13657 | Orc:2    | Noticed Urug
 13980 | Orc:2    | Noticed an ettin
 14189 | Orc:2    | Killed an ettin
 14240 | Orc:2    | Killed Urug
 14361 | Orc:2    | Noticed a sun demon
 14594 | Orc:2    | Reached skill level 5 in Fighting
 14594 | Orc:2    | Reached skill level 5 in Long Blades
 14935 | Orc:2    | Noticed an ogre mage
 14953 | Orc:2    | Noticed a sun demon
 14954 | Orc:2    | Killed an ogre mage
 15143 | Orc:2    | Paralysed by an orc sorcerer for 7 turns
 15155 | Orc:2    | Paralysed by an orc sorcerer for 2 turns
 15539 | Orc:2    | Found a radiant altar of Vehumet.
 15539 | Orc:2    | Noticed an ogre mage
 15640 | Orc:2    | Found an ancient bone altar of Kikubaaqudgha.
 15665 | Orc:2    | Found Esonwau's Antique Armour Boutique.
 15709 | Orc:2    | Killed an ogre mage
 15802 | Orc:2    | Found Nadacs's Antique Armour Shop.
 15813 | Orc:2    | Reached XP level 13. HP: 86/86 MP: 13/13
 15825 | Orc:2    | Found Cirru's Distillery.
 15849 | Orc:2    | Found Alapimo's Jewellery Shop.
 15861 | Orc:2    | Bought the amulet of Baoler {Acrobat Str+6} for 595 gold
                  | pieces
 15875 | Orc:2    | Bought a potion of curing for 36 gold pieces
 16122 | Orc:1    | Found Gajy's Distillery.
 16244 | Orc:1    | Bought a potion of curing for 45 gold pieces
 17177 | D:8      | Bought a scroll of identify for 20 gold pieces
 19198 | D:11     | Received a gift from Trog
 19208 | D:11     | Identified the -1 hat of Yfuxid {rF+ Str-3 Dex+8 Stlth+}
 20500 | D:12     | Reached skill level 10 in Long Blades
 20683 | D:12     | Reached skill level 10 in Fighting
 21336 | D:13     | Reached XP level 14. HP: 96/99 MP: 14/14
 21957 | D:13     | Found Woloph's Armour Emporium.
 22958 | Lair:1   | Entered Level 1 of the Lair of Beasts
 23060 | Lair:1   | Reached skill level 1 in Evocations
 23723 | Lair:1   | Received a gift from Trog
 24168 | Lair:2   | Noticed Gastronok
 24179 | Lair:2   | Killed Gastronok
 24484 | Lair:2   | Found a staircase to the Snake Pit.
 25480 | Lair:2   | Noticed Erica
 25496 | Lair:2   | Killed Erica
 26244 | Lair:3   | Found a staircase to the Shoals.
 27019 | Lair:4   | Received a gift from Trog
 27074 | Lair:4   | Noticed Nergalle
 27079 | Lair:4   | Killed Nergalle
 27247 | Lair:4   | Reached XP level 15. HP: 82/109 MP: 15/15
 30142 | Lair:6   | Entered Level 6 of the Lair of Beasts
 30150 | Lair:6   | Found a staircase to the Slime Pits.
 30151 | Lair:6   | Found a viscous altar of Jiyva.
 30702 | Lair:6   | Received a gift from Trog
 33161 | D:14     | Found a gate to the Vaults.
 33328 | D:14     | Reached XP level 16. HP: 119/119 MP: 16/16
 33642 | D:14     | Received a gift from Trog
 33931 | D:14     | Identified the +4 hand axe "Ziomuumo" {vorpal, Dex+3}
 33935 | D:14     | Paralysed by an orc sorcerer for 6 turns
 33941 | D:14     | Slain by an orc warrior

Illustrated notes

Levels and vault maps discovered:
D:1:      enne_arrival_octagon_isle, layout_rooms,
          shapermc_ecumenical_altar_totnotflames, minmay_pentomino_z2
D:2:      layout_basic
D:3:      layout_loops_cross, mainiacjoe_overflow_paths,
          minmay_misc_feat_ornament
D:4:      layout_basic, trog_wizard, mainiacjoe_overflow_boulevard,
          minmay_temple_entry_overgrown
D:5:      layout_rooms, mainiacjoe_overflow_surrounded_room
D:6:      layout_cave_pods, nicolae_qazlal_general_emergency,
          chequers_temple_overflow_minitemple, uniq_blork_the_orc, uniq_duvessa,
          uniq_grinder, uniq_maggie
D:7:      layout_cave_pools, mainiacjoe_overflow_chevrons,
          nicolae_specific_store, nicolae_shop_firing_range
D:8:      layout_cave_pools, serial_shops, shop
D:9:      layout_basic, bloody_makhleb, erik_lair_orcish_takeover
D:10:     layout_rooms, kennysheep_mini, orc_0_dummy,
          nicolae_trove_entry_crystal, uniq_harold, uniq_sonja
D:11:     minmay_the_grid_triangle_9x9_rhombus_thin
          [minmay_the_grid_triangle_9x9_flanged_cone,
          minmay_the_grid_triangle_9x9_prize_top_heavy,
          minmay_the_grid_triangle_9x9_shrine,
          minmay_the_grid_triangle_9x9_zippers_horizontal], layout_basic,
          hangedman_minor_magic
D:12:     layout_basic, minivault_27, bh_circular_ruins
D:13:     layout_long_grid, serial_shops, nicolae_shop_trees,
          hangedman_decor_points
D:14:     layout_irregular_city, david_vaults_5
Lair:1:   layout_regular_city
Lair:2:   layout_hall_layers, dummy_snake_entry, special_room
          [special_room_bee], minmay_lair_oklob_items, uniq_erica,
          uniq_gastronok
Lair:3:   layout_cave_shapes, minmay_shoals_entry_lonely_mermaid,
          fungi_pond_lemuel, grunt_megastairs_5
Lair:4:   layout_layer_cave, grunt_megastairs_1, uniq_nergalle
Lair:5:   layout_misc_corridors, serial_bayou, serial_bayou_pond_c,
          serial_bayou_pond_a, serial_bayou_pond_e, serial_bayou_lagoon_b
Lair:6:   evilmike_catoblepas_cave, layout_gridlike, slime_altar_1
Orc:1:    layout_caves, serial_shops, nicolae_shop_stone
Orc:2:    kennysheep_orc_mage_school, layout_caves, serial_shops, shop,
          uniq_urug, uniq_josephine, uniq_erolcha

Skill      XL: |  1  2  3  4  5  6  7  8  9 10 11 12 13 14 15 |
---------------+----------------------------------------------+-----
Dodging        | 4 5 6 7 9 11 12 15 | 15.0
Shields        | 4 |  4.0
Stealth        | 2 13 15 | 15.0
Fighting       | 7 10 12 14 | 14.5
Long Blades    | 7 10 12 14 | 14.5
Evocations     | 4 |  4.3

Action                   |  1- 3 |  4- 6 |  7- 9 | 10-12 | 13-15 | 16-18 || total
-------------------------+-------+-------+-------+-------+-------+-------++-------
Melee: Falchion          |    75 |    76 |    31 |       |       |       ||   182
       Tentacles         |    14 |    21 |    44 |   130 |   359 |    12 ||   580
       Constrict         |    20 |    28 |    23 |    81 |   128 |     8 ||   288
       Scimitar          |       |       |    99 |   423 |   387 |       ||   909
       Great sword       |       |       |       |       |   371 |    30 ||   401
Throw: Dart              |       |       |       |     1 |     1 |       ||     2
       Throwing net      |       |       |       |       |     7 |       ||     7
Invok: Berserk           |     1 |     2 |     9 |    35 |    20 |     4 ||    71
       Trog's Hand       |       |     2 |     2 |    13 |     2 |       ||    19
       Brothers in Arms  |       |       |       |       |     1 |       ||     1
Evoke: Wand              |       |       |       |     7 |     1 |       ||     8
  Use: Scroll            |       |       |       |    10 |    15 |       ||    25
       Potion            |       |       |       |     3 |     1 |       ||     4
 Stab: Sleeping          |     9 |    10 |     1 |     6 |    61 |       ||    87
       Paralysed         |       |       |       |     8 |       |       ||     8
       Distracted        |       |       |       |     2 |     9 |       ||    11
       Petrified         |       |       |       |       |     7 |       ||     7
       Held in net/web   |       |       |       |       |     4 |       ||     4
Armor: Skin              |     2 |     4 |     3 |     7 |     3 |     1 ||    20
Dodge: Dodged            |    62 |    66 |   117 |   463 |   835 |    54 ||  1597
Block: Buckler           |       |       |    15 |    94 |    72 |       ||   181
       Rpst.: Falchion   |    18 |    24 |    11 |       |       |       ||    53
       Scimitar          |       |       |    25 |   119 |   108 |       ||   252
       Great sword       |       |       |       |       |   124 |     8 ||   132

Table legend: (Time is in decaauts)
 A = Elapsed time spent in this place.
 B = Non-inter-level travel time spent in this place.
 C = Inter-level travel time spent in this place.
 D = Time resting spent in this place.
 E = Time spent auto-exploring this place.
 F = Levels seen in this place.
 G = Mean time per level.
                   A        B        C        D        E       F      G
               +--------+--------+--------+--------+--------+-----+--------+
         Total |  34732 |  33557 |   1175 |  14063 |  13151 |  22 | 1578.7 |
       Dungeon |  19734 |  18901 |    833 |   6579 |   9052 |  14 | 1409.6 |
          Lair |   9646 |   9421 |    225 |   4575 |   3168 |   6 | 1607.7 |
  Orcish Mines |   5351 |   5234 |    117 |   2908 |    931 |   2 | 2675.5 |
               +--------+--------+--------+--------+--------+-----+--------+

Top non-repeatable levels by time:
   Orc:2: 3835 daAuts
     D:9: 2821 daAuts
    D:11: 2476 daAuts
  Lair:6: 2317 daAuts
  Lair:5: 2055 daAuts
  Lair:2: 1866 daAuts
     D:6: 1804 daAuts
    D:13: 1791 daAuts
    D:12: 1516 daAuts
   Orc:1: 1515 daAuts
    D:10: 1449 daAuts
    D:14: 1357 daAuts
  Lair:1: 1207 daAuts
  Lair:4: 1167 daAuts
     D:4: 1131 daAuts
